 Seeded DCSS version 0.29.1-15-g9cfb28693d (webtiles) character file.

Game seed: 1 (custom seed)

30 Kazon the Insei (level 3, -2/23 HPs)
             Began as an Octopode Transmuter on Mar 23, 2023.
             Slain by a ball python (3 damage)
             ... on level 2 of the Dungeon.
             The game lasted 00:06:05 (920 turns).

Kazon the Insei (Octopode Transmuter)                Turns: 920, Time: 00:06:05

Health: -2/23      AC:  1    Str: 15    XL:     3   Next: 20%
Magic:  3/6        EV: 13    Int: 15    God:
Gold:   121        SH:  6    Dex: 18    Spells: 0/6 levels left

rFire   . . .      SeeInvis .   e - +0 dagger
rCold   . . .      Faith    .   c - +2 buckler of the Growing Gods {*Corrode rN++ Str+4 Dex+6}
rNeg    + + .      Spirit   .   (helmet currently unavailable)
rPois   .          Reflect  .   d - amulet of the acrobat
rElec   .          Harm     .   (no ring)
rCorr   .          Rampage  .   (no ring)
Will    .....                   (no ring)
Stlth   +++.......              (no ring)
HPRegen 0.07/turn               (no ring)
MPRegen 0.10/turn               (no ring)
                                (no ring)
                                (no ring)

@: appendages (expiring), wereblooded
A: tentacle spike 3, almost no armour, amphibious, 8 rings, camouflage 1,
gelatinous body 1, (nimble swimmer 1), tentacles
a: End Transformation


You were on level 2 of the Dungeon.
One of your tentacles had grown a beastly spike.
You visited 1 branch of the dungeon, and saw 2 of its levels.

You collected 121 gold pieces.

Inventory:

Hand Weapons
 e - a +0 dagger (weapon)
Missiles
 i - 3 stones
Armour
 c - the +2 buckler of the Growing Gods (worn) {*Corrode rN++ Str+4 Dex+6}
   (You acquired it on level 1 of the Dungeon)

   Str:       It affects your strength (+4).
   Dex:       It affects your dexterity (+6).
   rN:        It greatly protects you from negative energy.
   *Corrode:  It may corrode you when you take damage.
Jewellery
 d - an amulet of the acrobat (around mantle)
Scrolls
 h - a scroll of identify {unknown}
Potions
 a - a potion of lignification
 b - a potion of haste {unknown}
 f - a potion of flight {unknown}
 g - a potion of attraction {unknown}


   Skills:
 + Level 1.0 Fighting
 + Level 0.2 Short Blades
 + Level 2.1 Dodging
 + Level 1.2 Stealth
 + Level 3.4 Unarmed Combat
 + Level 2.3 Spellcasting
 + Level 2.2 Transmutations


You couldn't memorise any spells.
You knew the following spells:

 Your Spells              Type           Power      Damage    Failure   Level
a - Beastly Appendage     Tmut           16%        N/A       12%         1
b - Wereblood             Tmut           8%         N/A       17%         2
c - Spider Form           Tmut/Pois      5%         N/A       50%         3

Your spell library contained the following spells:

 Spells                   Type           Power      Damage    Failure   Level
 Apportation              Tloc           2%         N/A       28%         1
 Necrotise                Necr           4%         1d4       28%         1
 Summon Small Mammal      Summ           4%         N/A       28%         1
 Ice Form                 Ice/Tmut       5%         N/A       88%         4


Dungeon Overview and Level Annotations

Branches:
Dungeon (2/15)

Altars:


Innate Abilities, Weirdness & Mutations

One of your tentacles has grown a beastly spike.
You cannot wear most types of armour.
You are amphibious.
You can wear up to eight rings at the same time.
Your skin changes colour to match your surroundings (Stealth+).
Your rubbery body absorbs attacks. (AC +1, EV +1)
((You are camouflaged when in or above water. (Stealth+)))
You have tentacles for arms and can constrict up to eight enemies at once.


Message History

You kill the frilled lizard!
Found a book of Cantrips.
You pick up a book of Cantrips and begin reading...
You add the spells Necrotise, Summon Small Mammal and Apportation to your library.
A frilled lizard comes into view.
The helpless frilled lizard fails to defend itself.
You puncture the frilled lizard!
You kill the frilled lizard!
You see here a frilled lizard corpse.
A gnoll comes into view. It is wielding a +0 halberd.
The gnoll shouts!
The gnoll moves out of view.
A gnoll comes into view. It is wielding a +0 whip.
The gnoll moves out of view.
A gnoll comes into view. It is wielding a +0 spear.
Casting: Beastly Appendage (safe; 12% risk of failure)
Confirm with . or Enter, or press ? or * to list all spells.
One of your tentacles grows a vicious spike.
The gnoll shouts! x2
A ball python comes into view.
Found 5 stones.
Casting: Beastly Appendage (safe; 12% risk of failure)
Confirm with . or Enter, or press ? or * to list all spells.
Your blood is infused with primal strength.
The ball python hisses angrily.
Your transformation is almost over.
The gnoll completely misses you.
Found a scroll labelled DYOVOE RUSYGI.
You block the gnoll's attack. x2
The ball python completely misses you. The ball python closely misses you.
You hit the gnoll but do no damage. You grab the gnoll.
You constrict the gnoll. The gnoll barely misses you.
The gnoll closely misses you. You block the ball python's attack.
The ball python barely misses you. The gnoll hits you with a +0 spear!
The gnoll hits you from afar with a +0 halberd!
Ouch! That really hurt!
* * * LOW HITPOINT WARNING * * *
You hit the gnoll but do no damage.
You pierce the gnoll.
The gnoll is lightly wounded.
You constrict the gnoll. The ball python bites you.
You die...

........ ..#
#.###############
..####.......†........
................#####
..#############.## #.#
#..........# #.#
#.#######..# #.# #..#
#.# #.@# #.# #.Sgg.?#
#.# #.g....# ..#
........# ###
##.......# .(......#
#.##.##.# #. .. ..


You could see 3 gnolls and a ball python.

Vanquished Creatures
  A worm (D:2)
  6 endoplasms
  A giant cockroach (D:1)
  4 goblins (D:1)
  3 hobgoblins
  A kobold (D:1)
  A quokka (D:1)
  2 bats
  2 frilled lizards (D:2)
  3 rats (D:1)
24 creatures vanquished.

Notes
Turn   | Place    | Note
-------+----------+-------------------------------------------
     0 | D:1      | Kazon the Octopode Transmuter began the quest for the Orb.
     0 | D:1      | Reached XP level 1. HP: 13/13 MP: 3/3
    37 | D:1      | Identified a scroll of acquirement
    37 | D:1      | Acquired the +2 buckler of the Growing Gods {*Corrode rN++
                  | Str+4 Dex+6}
   145 | D:1      | Reached XP level 2. HP: 18/18 MP: 3/5
   422 | D:1      | Reached skill level 1 in Stealth
   694 | D:2      | Reached XP level 3. HP: 10/23 MP: 6/6
   836 | D:2      | Learned a level 2 spell: Wereblood
   840 | D:2      | Learned a level 3 spell: Spider Form
   919 | D:2      | HP: 1/23 [gnoll/+0 halberd (15)]
   920 | D:2      | Slain by a ball python

Illustrated notes

Levels and vault maps discovered:
D:1:      dpeg_arrival_three_smaller_balls, layout_basic
D:2:      layout_loops_ring

Skill      XL: |  1  2 |
---------------+-------+-----
Stealth        | 1 |  1.2
Fighting       | |  1.0
Short Blades   | |  0.2
Dodging        | |  2.1
Unarmed Combat | |  3.4
Spellcasting   | |  2.3
Transmutations | |  2.2

Action                   || total
-------------------------++-------
Melee: Dagger            ||    39
       Constrict         ||    11
       Tentacles         ||     7
       Kick              ||     9
       Unarmed           ||     1
       Punch             ||     1
 Cast: Beastly Appendage ||     8
       Wereblood         ||     1
  Use: Scroll            ||     1
 Stab: Sleeping          ||     9
Dodge: Dodged            ||    15
Block: Buckler           ||     9
